PAA
ATHLETIC CLUB KC ACADEMY @ CASPER GHOSTS
08/22/2020
 
TOP OF THE 1ST
Athletic Club KC Academy batting - Pitching for Casper Ghosts : RHP Jim Unknown
Pitching: RHP Jim Unknown
Batting: LHB Greg Robinson 0-0: Ball
1-0: Ball
2-0: Ball
3-0: Called Strike
3-1: Foul Ball, location: 2F
3-2: Foul Ball, location: 2F
3-2: Fly out, F7 (Flyball, 7M)
Batting: RHB Glenn Woods 0-0: Ball
1-0: Ground out 5-3 (Groundball, 5S)
Batting: LHB Thatcher Douglas 0-0: Called Strike
0-1: Ball
1-1: Ball
2-1: Swinging Strike
2-2: Ball
3-2: Base on Balls
Batting: SHB Evan Adams 0-0: Called Strike
0-1: Ball
1-1: Ball
2-1: Foul Ball, location: 2F
2-2: Foul Ball, location: 2F
2-2: Strikes out looking
Top of the 1st over - 0 run(s), 0 hit(s), 0 error(s), 1 left on base; Athletic Club KC Academy 0 - Casper 0
BOTTOM OF THE 1ST
Casper Ghosts batting - Pitching for Athletic Club KC Academy : LHP Bill Oulton
Pitching: LHP Bill Oulton
Batting: RHB Keith Hatch 0-0: Called Strike
0-1: Ball
1-1: Called Strike
1-2: Foul Ball, location: 2F
1-2: Fly out, F8 (Flyball, 8LM)
Batting: RHB Henry Appleby 0-0: Foul Ball, location: 2F
0-1: Fly out, F7 (Flyball, 78D)
Batting: RHB Rafael Abreu 0-0: Called Strike
0-1: Swinging Strike
0-2: Fly out, F8 (Flyball, 8LD)
Bottom of the 1st over - 0 run(s), 0 hit(s), 0 error(s), 0 left on base; Athletic Club KC Academy 0 - Casper 0
TOP OF THE 2ND
Athletic Club KC Academy batting - Pitching for Casper Ghosts : RHP Jim Unknown
Batting: LHB Matt Hartnett 0-0: Called Strike
0-1: Called Strike
0-2: SINGLE (Groundball, 5S) (infield hit)
Batting: RHB Máximo Padilla 0-0: Foul Ball, location: 2F
0-1: Called Strike
0-2: SINGLE (Line Drive, 78M)
Matt Hartnett to second
Batting: RHB Mike Lovell 0-0: Fly out, F8 (Flyball, 8LM)
Batting: SHB Don Holmes 0-0: Called Strike
0-1: Called Strike
0-2: Strikes out swinging
Batting: RHB Jorge Rodríguez 0-0: Foul Ball, location: 2F
0-1: Foul Ball, location: 2F
0-2: Ball
1-2: Fielders Choice at 2nd, U6 (Groundball, 6M)
Top of the 2nd over - 0 run(s), 2 hit(s), 0 error(s), 2 left on base; Athletic Club KC Academy 0 - Casper 0
BOTTOM OF THE 2ND
Casper Ghosts batting - Pitching for Athletic Club KC Academy : LHP Bill Oulton
Batting: RHB Warner Robinson 0-0: Called Strike
0-1: Ball
1-1: Ball
2-1: SINGLE (Line Drive, 56)
Batting: RHB Dave Young 0-0: Called Strike
0-1: Swinging Strike
0-2: Foul Ball, location: 2F
0-2: Foul Ball, location: 2F
0-2: Strikes out swinging
Batting: RHB Jim Unknown 0-0: Ball
1-0: Called Strike
1-1: Called Strike
1-2: Foul Ball, location: 2F
1-2: Fly out, F7 (Line Drive, 7S)
1-2: Fly out, F7 (Line Drive, 7S)
Batting: SHB Alonso Rodríguez 0-0: Ball
1-0: Fly out, F9 (Flyball, 89M)
Bottom of the 2nd over - 0 run(s), 1 hit(s), 0 error(s), 1 left on base; Athletic Club KC Academy 0 - Casper 0
TOP OF THE 3RD
Athletic Club KC Academy batting - Pitching for Casper Ghosts : RHP Jim Unknown
Batting: LHB Greg Robinson 0-0: Called Strike
0-1: Ball
1-1: Ball
2-1: Ball
3-1: Foul Ball, location: 2F
3-2: Ground out U3 (Groundball, 3S)
Batting: RHB Glenn Woods 0-0: Ball
1-0: Ball
2-0: Foul Ball, location: 2F
2-1: Ground out 6-3 (Groundball, 6)
Batting: LHB Thatcher Douglas 0-0: Ball
1-0: Ball
2-0: Foul Ball, location: 2F
2-1: Ball
3-1: Ground out U3 (Groundball, 3S)
Top of the 3rd over - 0 run(s), 0 hit(s), 0 error(s), 0 left on base; Athletic Club KC Academy 0 - Casper 0
BOTTOM OF THE 3RD
Casper Ghosts batting - Pitching for Athletic Club KC Academy : LHP Bill Oulton
Batting: SHB José Juárez 0-0: Ball
1-0: Foul Ball, location: 2F
1-1: Ball
2-1: Ball
3-1: Base on Balls
Batting: RHB Phil Baker 0-0: Swinging Strike
0-1: Ball
1-1: Foul Ball, location: 2F
1-2: Ball
2-2: Strikes out swinging
Batting: RHB Keith Hatch 0-0: Fly out, F7 (Flyball, 7M)
Batting: RHB Henry Appleby 0-0: Ball
1-0: Called Strike
1-1: Ball
2-1: Foul Ball, location: 2F
2-2: Strikes out looking
Bottom of the 3rd over - 0 run(s), 0 hit(s), 0 error(s), 1 left on base; Athletic Club KC Academy 0 - Casper 0
TOP OF THE 4TH
Athletic Club KC Academy batting - Pitching for Casper Ghosts : RHP Jim Unknown
Batting: SHB Evan Adams 0-0: Ball
1-0: DOUBLE (Line Drive, 7LM)
Batting: LHB Matt Hartnett 0-0: Fly out, F7 (Flyball, 78M)
Batting: RHB Máximo Padilla 0-0: Called Strike
0-1: Ball
1-1: Foul Ball, location: 2F
1-2: Ground out U3 (Groundball, 3)
Evan Adams to third
Batting: RHB Mike Lovell 0-0: Ground out 2-3 (Groundball, 25)
Top of the 4th over - 0 run(s), 1 hit(s), 0 error(s), 1 left on base; Athletic Club KC Academy 0 - Casper 0
BOTTOM OF THE 4TH
Casper Ghosts batting - Pitching for Athletic Club KC Academy : LHP Bill Oulton
Batting: RHB Rafael Abreu 0-0: Called Strike
0-1: Swinging Strike
0-2: Ball
1-2: Strikes out swinging
Batting: RHB Warner Robinson 0-0: Ball
1-0: Swinging Strike
1-1: Ball
2-1: Fly out, F6 (Line Drive, 6)
Batting: RHB Dave Young 0-0: Ball
1-0: Ball
2-0: Ground out 6-3 (Groundball, 6)
Bottom of the 4th over - 0 run(s), 0 hit(s), 0 error(s), 0 left on base; Athletic Club KC Academy 0 - Casper 0
TOP OF THE 5TH
Athletic Club KC Academy batting - Pitching for Casper Ghosts : RHP Jim Unknown
Batting: SHB Don Holmes 0-0: Ball
1-0: Foul Ball, location: 2F
1-1: DOUBLE (Line Drive, 7D)
Batting: RHB Jorge Rodríguez 0-0: Foul Ball, location: 2F
0-1: Swinging Strike
0-2: Ball
1-2: Strikes out looking
Batting: LHB Greg Robinson 0-0: Ball
1-0: Ball
2-0: Ground out 4-3 (Groundball, 4)
Don Holmes to third
Batting: RHB Glenn Woods 0-0: Foul Ball, location: 2F
0-1: Foul Ball, location: 2F
0-2: Ball
1-2: Foul Ball, location: 2F
1-2: Foul Ball, location: 2F
1-2: Ball
2-2: Foul Ball, location: 2F
2-2: Foul Ball, location: 2F
2-2: Foul Ball, location: 2F
2-2: Foul Ball, location: 2F
2-2: Foul Ball, location: 2F
2-2: Foul Ball, location: 2F
2-2: Fly out, F8 (Flyball, 8RM)
Top of the 5th over - 0 run(s), 1 hit(s), 0 error(s), 1 left on base; Athletic Club KC Academy 0 - Casper 0
BOTTOM OF THE 5TH
Casper Ghosts batting - Pitching for Athletic Club KC Academy : LHP Bill Oulton
Batting: RHB Jim Unknown 0-0: Ball
1-0: Ground out 6-3 (Groundball, 6M)
Batting: SHB Alonso Rodríguez 0-0: Ball
1-0: Ball
2-0: Ball
3-0: Called Strike
3-1: Ground out 5-3 (Groundball, 56)
Batting: SHB José Juárez 0-0: Ball
1-0: Called Strike
1-1: Fly out, F7 (Flyball, 7M)
Bottom of the 5th over - 0 run(s), 0 hit(s), 0 error(s), 0 left on base; Athletic Club KC Academy 0 - Casper 0
TOP OF THE 6TH
Athletic Club KC Academy batting - Pitching for Casper Ghosts : RHP Jim Unknown
Batting: LHB Thatcher Douglas 0-0: SINGLE (Line Drive, 34D)
Batting: SHB Evan Adams 0-0: Ball
1-0: SINGLE (Groundball, 4M)
Thatcher Douglas to second
Batting: LHB Matt Hartnett 0-0: Fly out, F3 (Popup, 3SF)
Batting: RHB Máximo Padilla 0-0: Fly out, F4 (Popup, 3D)
Batting: RHB Mike Lovell 0-0: Ball
1-0: Ball
2-0: Ball
3-0: Base on Balls
Thatcher Douglas to third
Evan Adams to second
Batting: SHB Don Holmes 0-0: Foul Ball, location: 2F
0-1: Ball
1-1: Swinging Strike
1-2: Ball
2-2: Foul Ball, location: 2F
2-2: Strikes out swinging
Top of the 6th over - 0 run(s), 2 hit(s), 0 error(s), 3 left on base; Athletic Club KC Academy 0 - Casper 0
BOTTOM OF THE 6TH
Casper Ghosts batting - Pitching for Athletic Club KC Academy : LHP Bill Oulton
Batting: RHB Phil Baker 0-0: Ball
1-0: Swinging Strike
1-1: Swinging Strike
1-2: Ball
2-2: Foul Ball, location: 2F
2-2: Strikes out swinging
Batting: RHB Keith Hatch 0-0: Called Strike
0-1: Ball
1-1: Foul Ball, location: 2F
1-2: Ball
2-2: Ball
3-2: Strikes out looking
Batting: RHB Henry Appleby 0-0: Ball
1-0: Ball
2-0: Ball
3-0: Base on Balls
Batting: RHB Rafael Abreu 0-0: Fly out, F9 (Popup, 9S)
Bottom of the 6th over - 0 run(s), 0 hit(s), 0 error(s), 1 left on base; Athletic Club KC Academy 0 - Casper 0
TOP OF THE 7TH
Athletic Club KC Academy batting - Pitching for Casper Ghosts : RHP Jim Unknown
Pinch Hitting: LHB Jim Unknown 0-0: Ball
1-0: Ball
2-0: Ball
3-0: Base on Balls
Batting: LHB Greg Robinson 0-0: Sac Bunt - play at first, batter OUT! 4-3
Jim Unknown to second
Batting: RHB Glenn Woods 0-0: Ball
1-0: Swinging Strike
1-1: Swinging Strike
1-2: Ball
2-2: Strikes out swinging
Batting: LHB Thatcher Douglas 0-0: Ball
1-0: Ball
2-0: Foul Ball, location: 2F
2-1: Ground out 4-3 (Groundball, 4M)
Top of the 7th over - 0 run(s), 0 hit(s), 0 error(s), 1 left on base; Athletic Club KC Academy 0 - Casper 0
BOTTOM OF THE 7TH
Casper Ghosts batting - Pitching for Athletic Club KC Academy : LHP Bill Oulton
Now at 1B: Jim Unknown
Batting: RHB Warner Robinson 0-0: Ball
1-0: Ball
2-0: Ball
3-0: Base on Balls
Pinch Hitting: RHB Lorenzo Díaz 0-0: Grounds into double play, 1-6-3 (Groundball, 15)
Batting: RHB Jim Unknown 0-0: Ball
1-0: SOLO HOME RUN (Flyball, 7LD), Distance : 367 ft
Batting: SHB Alonso Rodríguez 0-0: Foul Ball, location: 2F
0-1: Ball
1-1: Ball
2-1: Foul Ball, location: 2F
2-2: Foul Ball, location: 2F
2-2: SINGLE (Line Drive, 6D)
Batting: SHB José Juárez 0-0: Called Strike
0-1: Called Strike
0-2: Fly out, F9 (Flyball, 9M)
Bottom of the 7th over - 1 run(s), 2 hit(s), 0 error(s), 1 left on base; Athletic Club KC Academy 0 - Casper 1
TOP OF THE 8TH
Athletic Club KC Academy batting - Pitching for Casper Ghosts : RHP Jim Unknown
Now at 3B: Lorenzo Díaz
Batting: SHB Evan Adams 0-0: Ground out 6-3 (Groundball, 6)
Batting: LHB Matt Hartnett 0-0: Ball
1-0: Fly out, F7 (Flyball, 78M)
Batting: RHB Máximo Padilla 0-0: DOUBLE (Line Drive, 7LS)
Batting: RHB Mike Lovell 0-0: Ground out 4-3 (Groundball, 4)
Top of the 8th over - 0 run(s), 1 hit(s), 0 error(s), 1 left on base; Athletic Club KC Academy 0 - Casper 1
BOTTOM OF THE 8TH
Casper Ghosts batting - Pitching for Athletic Club KC Academy : LHP Bill Oulton
Batting: RHB Phil Baker 0-0: Called Strike
0-1: Called Strike
0-2: Foul Ball, location: 2F
0-2: SINGLE (Groundball, 56S)
Batting: RHB Keith Hatch 0-0: Called Strike
0-1: Sac Bunt - play at first, batter OUT! 1-4
Phil Baker to second
Batting: RHB Henry Appleby 0-0: Ball
1-0: SINGLE (Flyball, 89S)
Phil Baker to third
Batting: RHB Rafael Abreu 0-0: Ball
1-0: Ball
2-0: Foul Ball, location: 2F
2-1: Called Strike
2-2: Foul Ball, location: 2F
2-2: Foul Ball, location: 2F
2-2: Ball
3-2: Base on Balls
Henry Appleby to second
Batting: RHB Warner Robinson 0-0: Called Strike
0-1: Ball
1-1: Ball
2-1: Fly out, F9 (Flyball, 9M)
Runner from 3rd tags up, SCORES, throw made
Batting: RHB Lorenzo Díaz 0-0: Ball
1-0: Swinging Strike
1-1: Swinging Strike
1-2: Ball
2-2: Strikes out looking
Bottom of the 8th over - 1 run(s), 2 hit(s), 0 error(s), 2 left on base; Athletic Club KC Academy 0 - Casper 2
TOP OF THE 9TH
Athletic Club KC Academy batting - Pitching for Casper Ghosts : RHP Jim Unknown
Batting: SHB Don Holmes 0-0: Ball
1-0: Foul Ball, location: 2F
1-1: Ball
2-1: Ball
3-1: Base on Balls
Batting: LHB Jim Unknown 0-0: Foul Ball, location: 2F
0-1: Ball
1-1: Foul Ball, location: 2F
1-2: SINGLE (Groundball, 3D)
Don Holmes to second
Runner from 2nd tries for 3rd, SAFE, throw made to third
Batting: LHB Greg Robinson 0-0: Ball
1-0: Ball
2-0: Foul Ball, location: 2F
2-1: Foul Ball, location: 2F
2-2: Ball
3-2: Base on Balls
Jim Unknown to second
Pitching: RHP Jim Unknown
Batting: RHB Glenn Woods 0-0: Called Strike
0-1: Foul Ball, location: 2F
0-2: SINGLE (Groundball, 5D)
Don Holmes scores
Jim Unknown to third
Greg Robinson to second
Batting: LHB Thatcher Douglas 0-0: Ball
1-0: Ball
2-0: Foul Ball, location: 2F
2-1: Called Strike
2-2: Foul Ball, location: 2F
2-2: Strikes out swinging
Batting: SHB Evan Adams 0-0: Swinging Strike
0-1: Ball
1-1: Swinging Strike
1-2: Foul Ball, location: 2F
1-2: Ball
2-2: Strikes out swinging
Batting: LHB Matt Hartnett 0-0: Ball
1-0: Called Strike
1-1: Foul Ball, location: 2F
1-2: DOUBLE (Line Drive, 7LS)
Jim Unknown scores
Greg Robinson scores
Glenn Woods to third
Runner from 3rd tries for Home, SAFE, no throw or cutoff
Batting: RHB Máximo Padilla 0-0: Swinging Strike
0-1: Foul Ball, location: 2F
0-2: Strikes out looking
Top of the 9th over - 4 run(s), 3 hit(s), 0 error(s), 1 left on base; Athletic Club KC Academy 4 - Casper 2
BOTTOM OF THE 9TH
Casper Ghosts batting - Pitching for Athletic Club KC Academy : LHP Bill Oulton
Pitching: LHP Tomás Torres
Now at 3B: Bob Curry
Batting: RHB Jim Unknown 0-0: Ball
1-0: Called Strike
1-1: Ball
2-1: Swinging Strike
2-2: Foul Ball, location: 2F
2-2: Strikes out swinging
Batting: SHB Alonso Rodríguez 0-0: Called Strike
0-1: Ball
1-1: Ground out 5-3 (Groundball, 5S)
Batting: SHB José Juárez 0-0: Ball
1-0: Ball
2-0: Called Strike
2-1: Foul Ball, location: 2F
2-2: Ball
3-2: Fly out, F8 (Flyball, 8LXD)
Bottom of the 9th over - 0 run(s), 0 hit(s), 0 error(s), 0 left on base; Athletic Club KC Academy 4 - Casper 2
This league is powered by Out of the Park Baseball, the baseball management simulation game for PC, Mac and Linux
Friday, October 23rd, 2015 - OOTP Baseball 16.9 Build 39